 Dungeon Crawl Stone Soup version 0.30-a0-459-g9104f0fc43 (webtiles) character file.

Game seed: 947338064198956781

136 garrulousMonolith the Shooter (level 4, -1/38 HPs)
             Began as a Minotaur Hunter on Dec 16, 2022.
             Was an Initiate of Cheibriados.
             Killed by divine providence
             ... invoked by an orc priest
              (10 damage)
             ... on level 4 of the Dungeon.
             The game lasted 00:03:35 (3172 turns).

garrulousMonolith the Shooter (Minotaur Hunter)     Turns: 3172, Time: 00:03:35

Health: -1/38      AC:  6    Str: 16    XL:     4   Next: 98%
Magic:  3/3        EV: 11    Int: 11    God:    Cheibriados [......]
Gold:   261        SH:  5    Dex: 17    Spells: 3/3 levels left

rFire   . . .      SeeInvis .    d - +2 dagger (venom)
rCold   + + .      Faith    .    p - +1 buckler "Vyguzuc" {Drain rPois rC++ Int+4}
rNeg    . . .      Spirit   .    m - +1 ring mail
rPois   +          Reflect  .    (helmet restricted)
rElec   .          Harm     .    (no cloak)
rCorr   .          Rampage  .    (no gloves)
Will    .....                    (no boots)
Stlth   +.........               (no amulet)
HPRegen 0.26/turn                (no ring)
MPRegen 0.08/turn                (no ring)

@: very slow
A: horns 2, retaliatory headbutt
a: Renounce Religion


You were on level 4 of the Dungeon.
You worshipped Cheibriados.
Cheibriados was noncommittal.
You visited 2 branches of the dungeon, and saw 5 of its levels.

You collected 261 gold pieces.

Inventory:

Hand Weapons
 a - a +0 shortbow
 d - a +2 dagger of venom (weapon)
 y - a +0 war axe
Missiles
 f - a throwing net
 s - 10 poisoned darts
Armour
 m - a +1 ring mail (worn)
 p - the +1 buckler "Vyguzuc" (worn) {Drain rPois rC++ Int+4}
   (You found it on level 2 of the Dungeon)

   Int:       It affects your intelligence (+4).
   rC:        It greatly protects you from cold.
   rPois:     It protects you from poison.
   Drain:     It drains your maximum health when unequipped.
Magical Staves
 n - a staff of air
Wands
 z - a wand of mindburst (12)
 A - a wand of roots (12)
Scrolls
 b - a scroll of immolation
 c - 3 scrolls of enchant armour
 g - a scroll of magic mapping {unknown}
 h - 2 scrolls of fear {unknown}
 i - a scroll of butterflies {unknown}
 j - 2 scrolls of torment {unknown}
 k - 2 scrolls of teleportation {unknown}
 r - a scroll of amnesia {unknown}
 t - a scroll of vulnerability {unknown}
 u - a scroll of noise {unknown}
 w - a scroll of silence {unknown}
 x - a scroll of poison {unknown}
Potions
 e - 3 potions of curing {unknown}
 l - a potion of flight {unknown}
 o - 2 potions of cancellation {unknown}
 q - 3 potions of heal wounds {unknown}
 v - a potion of might {unknown}


   Skills:
 + Level 3.4 Fighting
 * Level 5.5 Ranged Weapons
 + Level 2.1 Armour
 + Level 3.1 Dodging
 - Level 0.7 Stealth
 + Level 0.4 Invocations


You had 3 spell levels left.
You didn't know any spells.
Your spell library contained the following spells:

 Spells                   Type           Power      Damage    Failure   Level
 Cigotuvi's Dreadful Rot  Necr/Pois/Air  0%         N/A       80%         2
 Dispel Undead            Necr           0%         3d6       100%        4
 Death Channel            Necr           0%         N/A       100%        6


Dungeon Overview and Level Annotations

Branches:
Dungeon (4/15)             Temple (1/1) D:4

Altars:
Ashenzari
Cheibriados
Dithmenos
Elyvilon
Fedhas
Gozag
Hepliaklqana
Makhleb
Nemelex Xobeh
Okawaru
Ru
Uskayaw
Vehumet
Wu Jian
Xom
Yredelemnul
Zin
The Shining One

Portals:
Abyss: D:3

Annotations:
D:3 2 transporters, bigduke15's ghost, weakling HOFi


Innate Abilities, Weirdness & Mutations

You have a pair of horns on your head.
You reflexively headbutt those who attack you in melee.


Message History

You bump into the rock wall.
A magic dart appears from out of thin air!
The magic dart hits you.
You hit the orc.
You kill the orc!
Cheibriados appreciates the change of pace.
You bump into the rock wall.
The quokka bites you but does no damage.
You closely miss the quokka.
You hear some strange, mumbled words.
You are more confused.
The quokka bites you.
You're too confused to move!
The quokka bites you.
You bump into the rock wall.
You hear some strange, mumbled words.
A magic dart appears from out of thin air!
The magic dart hits you but does no damage.
The quokka bites you but does no damage.
You bump into the rock wall.
The quokka bites you but does no damage.
Something hits you but does no damage. Something hits you.
You miss the quokka.
Cheibriados appreciates the change of pace.
Reactivating autopickup.
You feel a bit more experienced. The quokka bites you.
The quokka bites you but does no damage.
You bump into the rock wall.
The quokka bites you.
You bump into the rock wall.
The quokka barely misses you.
You feel less confused. You block the quokka's attack.
Items here: ))) / [[ †.
The orc priest invokes the aid of Beogh against you.
Beogh smites you!
* * * LOW HITPOINT WARNING * * *
The quokka attacks as you move away!
The quokka bites you but does no damage.
The orc priest miscasts a cantrip.
The orc priest calls down the wrath of Beogh upon you.
Beogh smites you!
You die...

##.#############
....o.lg)r@....#
.....########..#
#.. ### #..# .
..# #..# #.#
#..# ##.###..###
##...#.....#
#.###......###.#
..........# #.#


You could see an iguana, an orc priest, a quokka and a goblin.

Vanquished Creatures
  An orc wizard (D:4)
  Robin (D:3)
  3 adders
  A worm (D:4)
  3 dart slugs
  4 orcs (D:4)
  8 ball pythons
  3 endoplasms
  3 giant cockroaches
  13 goblins
  7 hobgoblins
  7 kobolds
  A quokka (D:4)
  5 bats
  A frilled lizard (D:1)
  3 rats
64 creatures vanquished.

Notes
Turn   | Place    | Note
-------+----------+-------------------------------------------
     0 | D:1      | garrulousMonolith the Minotaur Hunter began the quest for
                  | the Orb.
     0 | D:1      | Reached XP level 1. HP: 18/18 MP: 0/0
    68 | D:1      | Found a faded altar of an unknown god.
    78 | D:1      | Reached XP level 2. HP: 20/25 MP: 1/1
   125 | D:1      | Reached skill level 1 in Armour
   960 | D:2      | Reached XP level 3. HP: 30/30 MP: 2/2
  1021 | D:2      | Reached skill level 5 in Ranged Weapons
  1139 | D:2      | Identified the +1 buckler "Vyguzuc" {Drain rPois rC++
                  | Int+4}
  1878 | D:3      | Found a transporter.
  1890 | D:3      | Noticed Robin
  1902 | D:3      | Killed Robin
  1903 | D:3      | Reached XP level 4. HP: 24/38 MP: 3/3
  2064 | D:3      | Found a transporter.
  2082 | D:3      | Found a one-way gate to the infinite horrors of the Abyss.
  2082 | D:3      | Noticed bigduke15's ghost (weakling HOFi)
  2510 | D:4      | Found a staircase to the Ecumenical Temple.
  2526 | Temple   | Entered the Ecumenical Temple
  2798 | Temple   | Became a worshipper of Cheibriados the Contemplative
  3172 | D:4      | Killed from afar by an orc priest

Illustrated notes

Levels and vault maps discovered:
D:1:      beargit_arrival_greenhouse, layout_basic,
          nicolae_ecumenical_snake_handling, nicolae_hexahallways
D:2:      layout_basic, minmay_tromino_i2
D:3:      layout_loops_ring, gammafunk_ghost_abyssal_escape, uniq_robin
D:4:      layout_loops_ring, minmay_temple_entry_ruins
Temple:   dpeg_five_rooms_temple

Skill      XL: |  1  2  3  4 |
---------------+-------------+-----
Armour         | 1 2 |  2.1
Fighting       | 3 |  3.4
Ranged Weapons | 5 |  5.5
Dodging        | 3 |  3.1
Stealth        | |  0.7
Invocations    | |  0.4

Action                   |  1- 3 |  4- 6 || total
-------------------------+-------+-------++-------
Melee: Dagger            |    78 |    40 ||   118
       Headbutt          |     6 |    10 ||    16
       Punch             |     1 |       ||     1
  Use: Scroll            |     1 |       ||     1
 Stab: Sleeping          |     2 |       ||     2
Armor: Leather armour    |     9 |       ||     9
       Ring mail         |    15 |    18 ||    33
Dodge: Dodged            |    59 |    15 ||    74
Block: Buckler           |     5 |     6 ||    11

Table legend: (Time is in decaauts)
 A = Elapsed time spent in this place.
 B = Non-inter-level travel time spent in this place.
 C = Inter-level travel time spent in this place.
 D = Time resting spent in this place.
 E = Time spent auto-exploring this place.
 F = Levels seen in this place.
 G = Mean time per level.
                   A        B        C        D        E       F      G
               +--------+--------+--------+--------+--------+-----+--------+
         Total |   3268 |   2981 |    287 |     44 |   2510 |   5 |  653.6 |
       Dungeon |   2954 |   2763 |    191 |     44 |   2309 |   4 |  738.5 |
        Temple |    314 |    218 |     96 |      0 |    201 |   1 |  314.0 |
               +--------+--------+--------+--------+--------+-----+--------+

Top non-repeatable levels by time:
     D:1: 902 daAuts
     D:2: 826 daAuts
     D:3: 654 daAuts
     D:4: 570 daAuts
  Temple: 314 daAuts
